Map: Discordance EC

Players

Sorandom

  • Race: Zerg Zerg
  • League: Diamond
  • Spawn Location: 1:00

Enzo - Winner!

  • Race: Terran Terran
  • League: Diamond
  • Spawn Location: 7:00

VOD

Have the link to the VOD?

Description

Time

  • Played on: April 12, 2019, 9:57 p.m.
  • Length: 6:41
Show
View Real Time Build Order
Export as new Build Order

Sorandom Zerg 

Build Orders: Pool First, Ravager All-In 

Get SALT Encoding   

  12  0:18  Spawning Pool  
  11  0:22  Drone  
  11  0:26  Drone  
  13  0:32  Drone  
  14  0:36  Extractor  
  14  0:42  Extractor, Drone  
  13  0:45  Drone  
  14  1:07  Roach Warren  
  14  1:10  Drone  
  14  1:15  Overlord  
  20  1:47  Roach x3  
  20  1:58  Overlord  
  20  2:08  Ravager x2  
  22  2:16  Roach  
  22  2:20  Roach  
  26  2:31  Roach  
  28  2:49  Roach  
  30  3:06  Overlord  
  30  3:25  Ravager  
  30  3:26  Ravager  
  32  3:27  Roach x2  
  32  3:31  Ravager  
  37  3:40  Ravager  
  35  4:01  Roach  
  35  4:02  Roach x2  
  38  4:21  Roach  
  29  4:29  Roach  
  28  5:02  Ravager  
  28  5:03  Hatchery, Ravager  
  26  6:19  Drone  
  26  6:24  Drone  
Show
View Real Time Build Order
Export as new Build Order

Enzo Terran - Winner!

Build Orders: Liberator Opening 

Get SALT Encoding   

  12  0:01  SCV  
  13  0:13  SCV  
  14  0:17  Supply Depot  
  14  0:25  SCV  
  15  0:39  SCV, Barracks  
  16  0:44  Refinery  
  16  0:51  SCV  
  17  1:04  SCV  
  18  1:16  SCV  
  19  1:27  Reaper  
  19  1:28  Orbital Command  
  20  1:44  Refinery  
  20  1:46  Bunker  
  20  1:56  SCV  
  21  2:03  Command Center  
  21  2:05  Barracks Tech Lab  
  21  2:11  SCV  
  22  2:17  Supply Depot  
  22  2:24  Marine  
  23  2:30  Factory  
  23  2:41  Marine  
  24  2:47  SCV  
  25  2:59  SCV, Marine  
  28  3:21  Starport  
  28  3:22  Orbital Command  
  28  3:33  Siege Tank  
  30  3:35  Barracks Reactor  
  30  3:36  SCV  
  31  3:42  Liberator  
  31  3:48  SCV  
  23  4:17  Supply Depot  
  21  4:25  SCV  
  21  4:30  SCV  
  23  4:37  SCV  
  23  4:49  SCV, Marine  
  23  4:50  Marine  
  26  4:53  SCV  
  27  5:07  Marine x2  
  27  5:09  Factory Tech Lab  
  27  5:11  Cloaking Field  
  27  5:12  Banshee  
  27  5:14  SCV  
  33  5:24  SCV  
  33  5:25  Marine x2  
  36  5:35  SCV, Siege Tank  
  39  5:44  Marine x2  
  39  5:46  Orbital Command  
  41  5:57  Banshee  
  44  6:11  Marine x2  
Tags
 
Add a new tag
Caveats
  • Supply blocks, unpowered buildings, or Contaminate may cause inaccurate times.
  • Supply counts are checked every 10 seconds.